 Dungeon Crawl Stone Soup version 0.27.0-1-g7a089689b8 (webtiles) character file.

Game seed: 9521688725327032445

55 Fama the Sneak (level 4, 0/24 HPs)
             Began as a Kobold Enchanter on July 31, 2021.
             Succumbed to an adder's poison
             ... on level 3 of the Dungeon.
             The game lasted 00:03:38 (2809 turns).

Fama the Sneak (Kobold Enchanter)                   Turns: 2809, Time: 00:03:39

Health: 0/24       AC:  2    Str:  4 (5)  XL:     4   Next: 14%
Magic:  1/7        EV: 15    Int: 14 (16) God:
Gold:   68         SH:  0    Dex: 13 (16) Spells: 1/7 levels left

rFire    . . .     SeeInvis .   a - +1 dagger
rCold    . . .     Faith    .   (shield restricted)
rNeg     . . .     Spirit   .   b - +0 robe
rPois    .         Reflect  .   (no helmet)
rElec    .         Harm     .   (no cloak)
rCorr    .         Rampage  .   (no gloves)
Will     +....                  (no boots)
Stlth    ++++......             (no amulet)
HPRegen  0.08/turn              g - ring of willpower
MPRegen  0.10/turn              (no ring)

@: brilliant, lethally poisoned (0 -> -2)
A: small, no large weapons, nightstalker 3
a: no special abilities


You were on level 3 of the Dungeon.
You visited 1 branch of the dungeon, and saw 3 of its levels.

You collected 68 gold pieces.

Inventory:

Hand Weapons
 a - a +1 dagger (weapon)
Armour
 b - a +0 robe (worn)
Jewellery
 g - a ring of willpower (left hand)
Scrolls
 c - a scroll of identify
 f - a scroll of noise
Potions
 d - a potion of degeneration


   Skills:
 + Level 0.8 Fighting
 * Level 2.4 Short Blades
 * Level 3.1 Dodging
 * Level 4.7 Stealth
 + Level 2.4 Spellcasting
 + Level 3.2 Hexes


You had one spell level left.
You knew the following spells:

 Your Spells              Type           Power      Damage    Failure   Level
a - Corona                Hex            17%        N/A       6%          1
b - Ensorcelled Hibernat  Hex/Ice        18%        N/A       19%         2
c - Tukima's Dance        Hex            16%        N/A       19%         3

Your spell library contained the following spells:

 Spells                   Type           Power      Damage    Failure   Level
 Confusing Touch          Hex            16%        N/A       19%         3
 Dazzling Flash           Conj/Hex       18%        N/A       34%         3


Dungeon Overview and Level Annotations

Branches:
Dungeon (3/15)

Altars:

Portals:
Sewer: D:3


Innate Abilities, Weirdness & Mutations

You are small and have problems with some larger weapons.
You are completely attuned to the shadows.


Message History

You feel sick.
You feel sick.
You hit the adder but do no damage.
You feel sick. The adder bites you.
You are more poisoned.
The adder poisons you!
It was a potion of degeneration.
There was something very wrong with that liquid.
You feel weakened.
You feel dopey.
You feel clumsy.
You feel sick. The adder misses you. The adder bites you.
You are more poisoned.
The adder poisons you!
It was a potion of brilliance.
You feel clever all of a sudden.
You feel sick. The adder barely misses you.
It was a potion of heal wounds.
You feel much better.
You feel sick. The adder bites you.
Casting: Ensorcelled Hibernation (safe; 19% risk of failure)
Confirm with . or Enter, or press ? or * to list all spells.
You don't have enough magic to cast this spell.
You feel sick. The adder bites you.
As you read the scroll labelled LOCACZ KA ODU, it crumbles to dust.
It is a scroll of identify.
f - a scroll of noise You feel sick.
The adder bites you.
You feel sick.
You feel sick.
You feel sick.
You are no longer poisoned.
The adder bites you.
* * * LOW HITPOINT WARNING * * *
You are lethally poisoned!
The adder poisons you!
* * * LOW HITPOINT WARNING * * *
You feel sick.
* * * LOW HITPOINT WARNING * * *
You feel sick.
* * * LOW HITPOINT WARNING * * *
You feel sick.
Found 6 gold pieces.
You die...

...# ..$#
####..#
......###
#@.#.# #..#.#
#S.#.#
##.B#.####
#.....BB..#
###..#.##.#
....(..#.##.
....#........
###.#.##†##..


You could see an adder and a giant cockroach.

Vanquished Creatures
  An adder (D:3)
  A worm (D:2)
  An orc (D:3)
  3 ball pythons
  2 bats
  4 endoplasms
  7 goblins
  2 hobgoblins
  6 jackals
  4 kobolds
  A quokka (D:1)
  2 frilled lizards (D:2)
  2 rats
36 creatures vanquished.

Notes
Turn   | Place    | Note
-------+----------+-------------------------------------------
     0 | D:1      | Fama the Kobold Enchanter began the quest for the Orb.
     0 | D:1      | Reached XP level 1. HP: 10/10 MP: 3/3
   235 | D:1      | Reached XP level 2. HP: 10/15 MP: 5/5
   550 | D:1      | Learned a level 2 spell: Ensorcelled Hibernation
   944 | D:1      | Reached XP level 3. HP: 14/20 MP: 1/6
  1037 | D:1      | Learned a level 3 spell: Tukima's Dance
  1038 | D:1      | Found a faded altar of an unknown god.
  2769 | D:3      | Found a glowing drain.
  2793 | D:3      | Reached XP level 4. HP: 21/24 MP: 4/7
  2807 | D:3      | HP: 1/24 [poisoned by an adder]
  2809 | D:3      | Succumbed to an adder's poison

Illustrated notes

Levels and vault maps discovered:
D:1:      dpeg_arrival_leaves_temple_mockup, layout_loops_ring,
          basic_ecumenical_altar
D:2:      wad_crossroads, layout_basic
D:3:      layout_basic, zin_scriptorium, gup_sewer_entry_glass,
          grunt_decor_arrowhead

Skill      XL: |  1  2  3 |
---------------+----------+-----
Short Blades   | 2 |  2.4
Dodging        | 3 |  3.1
Fighting       | |  0.8
Stealth        | |  4.7
Spellcasting   | |  2.4
Hexes          | |  3.2

Action                   |  1- 3 |  4- 6 || total
-------------------------+-------+-------++-------
Melee: Dagger            |   115 |     1 ||   116
 Cast: Ensorcelled Hiber |    16 |     2 ||    18
       Corona            |     5 |       ||     5
  Use: Potion            |       |     3 ||     3
       Scroll            |       |     1 ||     1
 Stab: Sleeping          |    18 |       ||    18
       Distracted        |     1 |       ||     1
Armor: Robe              |    25 |       ||    25
Dodge: Dodged            |    80 |     4 ||    84
